 Dungeon Crawl Stone Soup version 0.24.0-7-gb3623d2c88 (webtiles) character file.

Game seed: 16597669941191043333, levelgen mode: deterministic

2172 mortelune the Carver (level 9, 0/81 HPs)
             Began as a Minotaur Monk on Nov 3, 2019.
             Was a Follower of Qazlal.
             Slain by a killer bee (7 damage)
             ... on level 8 of the Dungeon.
             The game lasted 00:19:33 (8471 turns).

mortelune the Carver (Minotaur Monk)                Turns: 8471, Time: 00:19:33

Health: 0/81       AC: 16    Str: 19    XL:     9   Next: 11%
Magic:  8/8        EV:  7    Int:  7    God:    Qazlal [*.....]
Gold:   493        SH:  2    Dex: 13    Spells: 8/8 levels left

rFire    . . .     SeeInvis .   J - +0 scimitar
rCold    . . .     Gourm    .   (no shield)
rNeg     + . .     Faith    .   o - +0 plate armour
rPois    .         Spirit   .   (helmet restricted)
rElec    .         Reflect  .   (no cloak)
rCorr    .         Harm     .   (no gloves)
MR       .....                  u - +2 pair of boots
Stlth    ..........             (no amulet)
HPRegen  0.23/turn              n - ring of positive energy
MPRegen  0.11/turn              (no ring)

@: no status effects
A: retaliatory headbutt, horns 2
a: Renounce Religion


You were on level 8 of the Dungeon.
You worshipped Qazlal.
Qazlal was aware of your devotion.
You were not hungry.

You visited 2 branches of the dungeon, and saw 9 of its levels.

You collected 493 gold pieces.

Inventory:

Hand Weapons
 a - a +1 falchion
 J - a +0 scimitar (weapon)
Missiles
 D - 7 boomerangs (quivered)
Armour
 b - a +0 robe
 h - a +0 leather armour
 o - a +0 plate armour (worn)
 u - a +2 pair of boots (worn)
 C - a +2 leather armour of cold resistance
Jewellery
 n - a ring of positive energy (left hand)
 I - an uncursed ring of protection from fire
Wands
 g - a wand of random effects (15)
 w - a wand of enslavement (6)
 A - a wand of iceblast (5)
 B - a wand of digging (6)
Scrolls
 d - 4 scrolls of magic mapping
 e - 2 scrolls of enchant weapon
 f - 3 scrolls of remove curse
 i - 2 scrolls of amnesia
 k - a scroll of immolation
 m - a scroll of fog
 q - a scroll of enchant armour
 v - 2 scrolls of identify
 F - a scroll of noise {unknown}
 G - a scroll of blinking {unknown}
Potions
 j - a potion of flight
 p - a potion of curing
 r - a potion of agility
 x - a potion of ambrosia {unknown}
 E - a potion of mutation {unknown}
Comestibles
 c - 8 rations


   Skills:
 + Level 8.1 Fighting
 * Level 10.7 Long Blades
 + Level 7.0 Armour
 - Level 3.2 Dodging
 - Level 1.5 Stealth


You had 8 spell levels left.
You didn't know any spells.
Your spell library contained the following spells:

 Spells                   Type           Power        Failure   Level  Hunger
 Animate Skeleton         Necr           N/A          100%        1    ##.....
 Apportation              Tloc           #.....       100%        1    ##.....
 Confusing Touch          Hex            #.....       100%        1    ##.....
 Summon Small Mammal      Summ           #...         100%        1    ##.....


Dungeon Overview and Level Annotations

Branches:
Dungeon (8/15)             Temple (1/1) D:7
   Lair: D:8-11

Altars:
Ashenzari
Cheibriados
Dithmenos
Elyvilon
Fedhas
Gozag
Hepliaklqana
Kikubaaqudgha
Makhleb
Nemelex Xobeh
Qazlal
Ru
Sif Muna
Trog
Uskayaw
Vehumet
Wu Jian
Xom
Yredelemnul
Zin

Shops:
D:6 :


Innate Abilities, Weirdness & Mutations

You reflexively headbutt those who attack you in melee.
You have a pair of horns on your head.


Message History

There is an open door here.
You open the door. 2 killer bees come into view.
The killer bee buzzes angrily. x2; You hear a shout! x2
An orc comes into view.
An orc comes into view. It is wielding a +0 hand axe.
Found a ration.
It was a potion of brilliance.
You feel clever all of a sudden.
The orc shouts! x2
An orc comes into view. It is wielding a +0 hand axe.
A killer bee comes into view.
An orc comes into view. It is wielding a +0 flail.
It was a potion of cancellation.
Your magical effects are unravelling.
You feel magically purged.
You feel a little less clever now.
You feel a little less agile now.
The killer bee buzzes angrily.
The orc shouts!
The killer bee stings you!
You die... o

# ######## oo .
#.$....# ... .
#g.....# o... .
#..g...# ..... .
#......#####.....y
.
#....Y.'..@yy.....
#g.....#####......
#......# .....
#g..g..# ###+
#.g..g.# #.###
######.# ..... #.#
..... .. .....
.....


You could see an ice beast, 3 killer bees, a gnoll and 4 orcs.

Vanquished Creatures
  A wyvern (D:8)
  2 orc warriors
  An ice beast (D:8)
  A black bear (D:7)
  2 ogres (D:7)
  A centaur (D:6)
  A big kobold (D:4)
  A bullfrog (D:6)
  6 killer bees (D:6)
  A howler monkey (D:4)
  2 crimson imps (D:6)
  A jelly (D:6)
  An orc priest (D:3)
  A bullfrog skeleton (D:7)
  2 hounds (D:5)
  2 centaur skeletons
  Jessica (D:3)
  Terence (D:3)
  Natasha (twice) (D:3)
  8 orc wizards
  5 worker ants
  A howler monkey zombie (D:5)
  8 gnolls
  7 adders
  A howler monkey skeleton (D:4)
  An ooze (D:2)
  4 adder skeletons
  2 dart slugs
  3 leopard geckos
  20 orcs
  A ball python (D:2)
  4 giant cockroaches
  9 goblins
  4 hobgoblins
  3 jackals (D:1)
  2 quokkas
  A ball python skeleton (D:4)
  2 bats
  5 frilled lizards
  14 kobolds
  A leopard gecko skeleton (D:4)
  2 rats (D:1)
138 creatures vanquished.

Notes
Turn   | Place    | Note
-------+----------+-------------------------------------------
     0 | D:1      | mortelune the Minotaur Monk began the quest for the Orb.
     0 | D:1      | Reached XP level 1. HP: 19/19 MP: 0/0
   172 | D:1      | Reached skill level 4 in Long Blades
   172 | D:1      | Reached XP level 2. HP: 27/27 MP: 1/1
   305 | D:1      | Reached skill level 1 in Armour
  1034 | D:2      | Found an ancient bone altar of Kikubaaqudgha.
  1311 | D:2      | Reached XP level 3. HP: 33/33 MP: 2/2
  1722 | D:3      | Reached skill level 5 in Long Blades
  1722 | D:3      | Reached XP level 4. HP: 15/41 MP: 3/3
  2327 | D:3      | Noticed Terence
  2360 | D:3      | Killed Terence
  2464 | D:3      | Noticed Jessica
  2481 | D:3      | Killed Jessica
  2481 | D:3      | Reached XP level 5. HP: 44/47 MP: 4/4
  2518 | D:3      | Identified Jessica's Almanac of Displacement
  2648 | D:3      | Noticed Natasha
  2651 | D:3      | Killed Natasha
  2836 | D:3      | Noticed Natasha
  2842 | D:3      | Killed Natasha
  2913 | D:4      | Reached skill level 6 in Long Blades
  2969 | D:4      | Reached skill level 5 in Fighting
  3057 | D:4      | Reached XP level 6. HP: 46/56 MP: 5/5
  3296 | D:4      | Found a sparkling altar of Nemelex Xobeh.
  3480 | D:4      | Reached skill level 7 in Long Blades
  3579 | D:5      | Entered Level 5 of the Dungeon
  3688 | D:5      | Reached XP level 7. HP: 61/62 MP: 6/6
  4114 | D:5      | Found an opulent altar of Gozag.
  4911 | D:6      | Found an ornate altar of the Wu Jian Council.
  5252 | D:6      | Reached skill level 8 in Long Blades
  5640 | D:6      | Found Qemoha's Book Shop.
  5905 | D:6      | Reached skill level 5 in Armour
  5923 | D:6      | Reached XP level 8. HP: 17/71 MP: 7/7
  6616 | D:6      | Reached skill level 9 in Long Blades
  7392 | D:7      | Reached skill level 10 in Long Blades
  7435 | D:7      | Found a staircase to the Ecumenical Temple.
  7452 | Temple   | Entered the Ecumenical Temple
  7894 | Temple   | Became a worshipper of Qazlal Stormbringer
  7894 | Temple   | Reached * piety under Qazlal
  7894 | Temple   | Reached ** piety under Qazlal
  8168 | D:8      | Found a shattered altar of Ashenzari.
  8230 | D:8      | Found a bloodstained altar of Trog.
  8230 | D:8      | Found a sacrificial altar of Ru.
  8231 | D:8      | Found a shimmering blue altar of Sif Muna.
  8241 | D:8      | Reached XP level 9. HP: 48/81 MP: 8/8
  8459 | D:8      | HP: 1/81 [orc priest/divine providence (15)]
  8471 | D:8      | Slain by a killer bee

Levels and vault maps discovered:
D:1:      evilmike_arrival_plus, layout_basic, minmay_misc_feat_pillars
D:2:      layout_rooms, kiku_gazebo_garden_becter, serial_rivers,
          chequers_serial_rivers_room_a, chequers_serial_rivers_room_a,
          chequers_serial_rivers_micro_a, chequers_serial_rivers_marsh
D:3:      layout_loops_ring, kennysheep_jessica_study, uniq_natasha,
          uniq_terence
D:4:      cheibrodos_thug_alley, layout_rooms, lemuel_round_altar,
          minmay_checkerbox
D:5:      layout_layer_cave, lemuel_crystal_altar, first_ration
D:6:      layout_loops_ring, kennysheep_mini_moat, serial_shops,
          kennysheep_mini, minmay_misc_feat_secret_circle
D:7:      layout_rooms, minmay_temple_entry_statues_pillars
D:8:      layout_basic, nicolae_overflow_hidden_temple, grunt_ogre_cave
Temple:   minmay_temple_forest_path

Skill      XL: |  1  2  3  4  5  6  7  8  9 |
---------------+----------------------------+-----
Long Blades    | 4 5 6 7 8 10 | 10.7
Armour         | 1 2 3 4 5 6 7 |  7.0
Fighting       | 4 5 6 8 |  8.1
Dodging        | |  3.2
Stealth        | |  1.5

Action                   |  1- 3 |  4- 6 |  7- 9 || total
-------------------------+-------+-------+-------++-------
Melee: Falchion          |    55 |   169 |   181 ||   405
       Headbutt          |     5 |    34 |    53 ||    92
       Scimitar          |       |       |    87 ||    87
Throw: Boomerang         |       |     2 |       ||     2
Invok: Upheaval          |       |       |     1 ||     1
Evoke: Wand              |       |       |     1 ||     1
  Use: Scroll            |       |       |    17 ||    17
       Potion            |       |       |    10 ||    10
 Stab: Sleeping          |     1 |       |       ||     1
  Eat: Chunk             |     2 |     7 |    12 ||    21
       Ration            |       |       |     1 ||     1
Armor: Robe              |     1 |       |       ||     1
       Leather armour    |     6 |     3 |       ||     9
       Plate armour      |       |   102 |   209 ||   311
Dodge: Dodged            |    26 |    57 |   122 ||   205
Block: Other             |       |       |     3 ||     3
       Rpst.: Falchion   |     8 |    14 |    30 ||    52
       Scimitar          |       |       |     6 ||     6
